 Dungeon Crawl Stone Soup version 0.20-a0-1124-g2e29d97 (webtiles) character file.

8484 Copingsaw the Transmogrifier (level 11, -3/75 HPs)
             Began as an Octopode Transmuter on May 15, 2017.
             Was the Champion of Cheibriados.
             Slain by a two-headed ogre
             ... wielding a +0 great mace
              (12 damage)
             ... on level 10 of the Dungeon.
             The game lasted 01:21:57 (12871 turns).

Copingsaw the Transmogrifier (Octopode Transmuter) Turns: 12871, Time: 01:22:01

Health: -3/75      AC:  9    Str: 24    XL:     11   Next: 31%
Magic:  2/17       EV: 11    Int: 34    God:    Cheibriados [******]
Gold:   263        SH:  0    Dex: 28    Spells: 1/18 levels left

rFire    x . .     SeeInvis .     - Unarmed
rCold    + + +     Gourm    .   (shield currently unavailable)
rNeg     + . .     Faith    .   (helmet currently unavailable)
rPois    +         Spirit   .   (no amulet)
rElec    .         Reflect  .   (no ring)
rCorr    .         Harm     .   x - ring of positive energy
MR       .....                  (no ring)
Stlth    +++++.....             (no ring)
Regen    0.3/turn               (no ring)
MPRegen  0.2/turn               (no ring)
                                (no ring)
                                (no ring)

@: ice-form (expiring), very slow
A: almost no armour, stealthy swim, amphibious, 8 rings, (constrict 8)
a: End Transformation, Bend Time, Temporal Distortion, Slouch, Step From Time,
Renounce Religion


You were on level 10 of the Dungeon.
You worshipped Cheibriados.
Cheibriados was exalted by your worship.
You were very hungry.
You were a creature of crystalline ice.
You visited 2 branches of the dungeon, and saw 11 of its levels.

You collected 472 gold pieces.
You spent 209 gold pieces at shops.

Inventory:

Hand Weapons
 a - a +2 dagger of protection (melded)
 b - a +0 hunting sling
 s - a +0 halberd
 K - a cursed +6 spear
Missiles
 p - 237 stones
 q - 35 poisoned needles
 v - 99 arrows
 D - 6 tomahawks (quivered)
Armour
 y - a +1 large shield
 H - a +0 buckler
 J - the cursed +0 buckler of the Teacher {rPois MP+9 Int-4}
   (You bought it in a shop on level 7 of the Dungeon)

   It affects your intelligence (-4).
   It protects you from poison.
   It affects your magic capacity (+9).
   It has a curse placed upon it.
 T - the +3 hat of Pondering (melded) {ponderous, MR+ MP+10 Int+5}
   (You took it off Gastronok on level 10 of the Dungeon)

   It affects your intelligence (+5).
   It affects your resistance to hostile enchantments.
   It affects your magic capacity (+10).
Magical Staves
 E - an uncursed staff of air
Jewellery
 x - a ring of positive energy (right front paw)
 F - a +5 ring of strength {unknown}
 M - the amulet "Fuaraface" {Faith rC+ MR- Slay+2}
   (You found it on level 7 of the Dungeon)

   [amulet of faith]

   It allows you to gain divine favour quickly.
   It affects your accuracy and damage with ranged weapons and melee attacks
   (+2).
   It protects you from cold.
   It affects your resistance to hostile enchantments.
Wands
 O - a wand of iceblast (8/15)
 P - a wand of clouds (3/9)
Scrolls
 d - 4 scrolls of recharging
 e - a scroll of teleportation
 h - a scroll of enchant weapon {unknown}
 i - a scroll of enchant armour
 k - 2 scrolls of fog
 t - a scroll of blinking {unknown}
 A - a scroll of amnesia
 C - a scroll of immolation {unknown}
 G - a scroll of magic mapping
 Q - a scroll of identify
 R - a scroll of fear {unknown}
Potions
 g - 3 potions of lignification
 j - 3 potions of curing
 l - a potion of ambrosia {unknown}
 n - 3 potions of invisibility
 o - a potion of cancellation {unknown}
 u - 2 potions of flight {unknown}
 w - 2 potions of mutation {unknown}
 z - a potion of brilliance {unknown}
 B - a potion of might {unknown}
 I - 2 potions of agility {unknown}
 N - a potion of heal wounds {unknown}
Books
 m - a book of Changes

   Spells                             Type                      Level
   a - Beastly Appendage              Transmutation                1
   b - Sticks to Snakes               Transmutation                2
   c - Spider Form                    Transmutation/Poison         3
   d - Ice Form                       Ice/Transmutation            4
   e - Blade Hands                    Transmutation                5
 L - a book of Frost

   Spells                             Type                      Level
   a - Freeze                         Ice                          1
   b - Throw Frost                    Conjuration/Ice              2
   c - Ozocubu's Armour               Charms/Ice                   3
   d - Throw Icicle                   Conjuration/Ice              4
   e - Summon Ice Beast               Ice/Summoning                4
Comestibles
 c - 9 bread rations
 f - 9 meat rations
 S - 2 royal jellies


   Skills:
 - Level 1.0 Fighting
 - Level 0.8 Short Blades
 - Level 0.4 Slings
 - Level 2.1 Dodging
 - Level 9.4 Stealth
 - Level 3.8 Unarmed Combat
 - Level 4.0 Spellcasting
 - Level 2.7 Charms
 - Level 5.7 Summonings
 - Level 10.3 Transmutations
 - Level 6.1 Ice Magic
 - Level 2.2 Poison Magic
 + Level 6.9 Invocations


You had one spell level left.
You knew the following spells:

 Your Spells              Type           Power        Failure   Level  Hunger
a - Beastly Appendage     Tmut           ######       1%          1    None
b - Sticks to Snakes      Tmut           ######..     1%          2    None
c - Spider Form           Tmut/Pois      #####.....   1%          3    #......
d - Ice Form              Ice/Tmut       ######..     1%          4    ###....
e - Summon Ice Beast      Ice/Summ       #####...     4%          4    ###....
f - Ozocubu's Armour      Chrm/Ice       #####...     2%          3    #......


Dungeon Overview and Level Annotations

Branches:
Dungeon (10/15)            Temple (1/1) D:4            Lair (0/6) D:8
    Orc (0/2) D:10

Altars:
Ashenzari
Cheibriados
Dithmenos
Elyvilon
Fedhas
Hepliaklqana
Kikubaaqudgha
Makhleb
Nemelex Xobeh
Ru
Wu Jian
Xom
Yredelemnul
Zin
The Shining One

Shops:
D:5 [}   D:6 *   D:7 [   D:10 (

Annotations:
D:10 Urug


Innate Abilities, Weirdness & Mutations

You cannot wear most types of armour.
You are very stealthy in the water. (Stealth+)
You are amphibious.
You can wear up to eight rings at the same time.
((You can use your tentacles to constrict eight enemies at once.))
((Your skin changes colour to match your surroundings (Stealth+).))
((Your rubbery body absorbs attacks. (AC +1, EV +1)))


Message History

The two-headed ogre barely misses you.
The two-headed ogre closely misses you. 2 wights come into view.
There is a stone staircase leading down here.
As you read the scroll of teleportation, it crumbles to dust.
You feel strangely unstable.
Your ice beast hits the two-headed ogre.
Your ice beast freezes the two-headed ogre!
Your ice beast hits the two-headed ogre.
Your ice beast freezes the two-headed ogre!
The two-headed ogre barely misses you. x2
Your ice beast hits the two-headed ogre but does no damage.
You see here 13 gold pieces.
Your surroundings seem slightly different.
The wight hits you with a battleaxe!
* * * LOW HITPOINT WARNING * * *
The wight hits your ice beast with a battleaxe.
The two-headed ogre hits you with a great mace!
* * * LOW HITPOINT WARNING * * *
The two-headed ogre hits you with a giant spiked club!
You die...

.#.####### .. ..
... #l.. .... #..
....# ##.. ......
.Y# ....###.#
#..z#.#######
#.#..zY.....#
..#....YO....$#
.....z..>......#
....###...$ยง....#
... ########### ..
#


You could see a two-headed ogre, an iguana, 3 wights and 2 friendly ice beasts.

Vanquished Creatures
  A cyclops (D:9)
  A hippogriff (D:8)
  2 hogs (D:9)
  5 yaks
  2 hungry ghosts
  An ice beast (D:6)
  2 orc warriors
  4 phantoms
  A necrophage (D:10)
  An ogre (D:10)
  2 centaurs
  2 crocodiles
  A big kobold (D:9)
  7 bullfrogs
  A wyvern skeleton (D:7)
  2 scorpions
  3 wights (D:7)
  6 howler monkeys
  A centaur zombie (D:5)
  2 crimson imps (D:7)
  2 bullfrog zombies
  11 orc priests
  A bullfrog skeleton (D:8)
  2 centaur skeletons
  3 hounds
  15 orc wizards
  6 worker ants
  5 iguanas
  A polar bear simulacrum (D:9)
  2 yak simulacra (D:9)
  A killer bee zombie (D:10)
  3 wolf simulacra (D:9)
  A hound skeleton (D:4)
  A worker ant zombie (D:8)
  4 gnolls
  13 adders
  2 shadow imps
  An adder zombie (D:6)
  2 adder skeletons (D:4)
  2 worms (D:3)
  2 dart slugs
  3 leopard geckos
  46 orcs
  8 bats
  4 giant cockroaches
  5 goblins
  5 hobgoblins
  20 jackals
  A quokka (D:10)
  2 ball pythons
  6 frilled lizards
  15 kobolds
  3 leopard gecko skeletons
  A quokka skeleton (D:7)
  6 rats
  A river rat simulacrum (D:9)
253 creatures vanquished.

Vanquished Creatures (collateral kills)
  Gastronok (D:10)
  2 two-headed ogres
  A necromancer (D:9)
  An elephant (D:8)
  Psyche (D:9)
  A troll (D:8)
  A yak (D:10)
  A hog (D:9)
  A human (D:9)
  An orc warrior (D:8)
  4 ogres
  2 howler monkeys
  An orc priest (D:10)
  2 polar bear simulacra (D:9)
  An adder (D:3)
  4 gnolls (D:5)
  3 orcs
  A jackal (D:5)
  2 river rat simulacra (D:9)
31 creatures vanquished.

Vanquished Creatures (others)
  An ogre (D:6)
1 creature vanquished.

Grand Total: 285 creatures vanquished

Notes
Turn   | Place    | Note
-------+----------+-------------------------------------------
     0 | D:1      | Copingsaw the Octopode Transmuter began the quest for the Orb.
     0 | D:1      | Reached XP level 1. HP: 13/13 MP: 3/3
   239 | D:1      | Reached XP level 2. HP: 18/18 MP: 3/5
   742 | D:2      | Found a white marble altar of Elyvilon.
  1026 | D:2      | Reached XP level 3. HP: 21/23 MP: 4/6
  1030 | D:2      | Learned a level 2 spell: Sticks to Snakes
  1034 | D:2      | Learned a level 3 spell: Spider Form
  1242 | D:2      | Reached XP level 4. HP: 10/28 MP: 5/7
  1834 | D:2      | Found a shattered altar of Ashenzari.
  2168 | D:2      | Reached skill level 1 in Stealth
  2339 | D:2      | Reached skill level 3 in Transmutations
  2520 | D:2      | Reached XP level 5. HP: 5/33 MP: 3/9
  3077 | D:3      | Reached skill level 4 in Transmutations
  3077 | D:3      | Reached skill level 1 in Poison Magic
  3263 | D:3      | Found a sparkling altar of Nemelex Xobeh.
  3346 | D:3      | Reached XP level 6. HP: 38/38 MP: 8/10
  3911 | D:3      | Found a burning altar of Makhleb.
  4085 | D:4      | Found a staircase to the Ecumenical Temple.
  4105 | Temple   | Entered the Ecumenical Temple
  4109 | Temple   | Became a worshipper of Cheibriados the Contemplative
  4340 | D:4      | Reached skill level 5 in Transmutations
  4471 | D:4      | Noticed a phantom
  4623 | D:4      | Reached skill level 6 in Transmutations
  4623 | D:4      | Reached XP level 7. HP: 38/43 MP: 5/11
  4839 | D:4      | Found a hazy altar of Hepliaklqana.
  4959 | D:4      | Reached * piety under Cheibriados
  5357 | D:4      | Learned a level 4 spell: Ice Form
  5398 | D:4      | Reached skill level 1 in Ice Magic
  5665 | D:5      | Entered Level 5 of the Dungeon
  5780 | D:5      | Found Acifuent's Gadget Boutique.
  5943 | D:5      | HP: 1/51 [gnoll/halberd (6)]
  6209 | D:5      | Reached ** piety under Cheibriados
  6278 | D:5      | Found Utait's Armour Shop.
  6365 | D:5      | Reached XP level 8. HP: 48/48 MP: 10/12
  6641 | D:5      | Reached skill level 7 in Transmutations
  6736 | D:6      | Found a shadowy altar of Dithmenos.
  6876 | D:6      | Reached skill level 8 in Transmutations
  6916 | D:6      | Found a sparkling altar of Nemelex Xobeh.
  6954 | D:6      | Found a sacrificial altar of Ru.
  7008 | D:6      | Reached *** piety under Cheibriados
  7034 | D:6      | Found Zin's Purification Station.
  7036 | D:6      | Found a glowing silver altar of Zin.
  7129 | D:6      | Found an ornate altar of the Wu Jian Council.
  7440 | D:7      | Found a basalt altar of Yredelemnul.
  7592 | D:7      | Reached skill level 9 in Transmutations
  7634 | D:7      | Found Baetuyvy's Antique Armour Emporium.
  7637 | D:7      | Bought a warped buckler for 209 gold pieces
  7637 | D:7      | Identified the cursed +0 buckler of the Teacher {rPois MP+9 Int-4} (You bought it in a shop on level 7 of the Dungeon)
  7692 | D:7      | Reached XP level 9. HP: 46/53 MP: 8/13
  7885 | D:7      | Reached **** piety under Cheibriados
  7917 | D:7      | Reached skill level 10 in Transmutations
  8161 | D:7      | Got a shimmering emerald amulet
  8162 | D:7      | Identified the amulet "Fuaraface" {Faith rC+ MR- Slay+2} (You found it on level 7 of the Dungeon)
  8478 | D:8      | Noticed Psyche
  8538 | D:7      | Reached skill level 5 in Ice Magic
  8766 | D:8      | Reached ***** piety under Cheibriados
  8830 | D:8      | Noticed an elephant
  8842 | D:8      | Killed an elephant
  8877 | D:8      | Learned a level 4 spell: Summon Ice Beast
  9064 | D:8      | Reached skill level 1 in Summonings
  9402 | D:8      | Noticed a troll
  9409 | D:8      | Killed a troll
  9466 | D:8      | Reached XP level 10. HP: 44/58 MP: 11/16
  9649 | D:8      | Found an ornate altar of the Wu Jian Council.
  9705 | D:8      | Found a staircase to the Lair.
  9778 | D:8      | Reached skill level 5 in Summonings
 10222 | D:9      | Killed Psyche
 10599 | D:9      | Reached skill level 5 in Stealth
 10859 | D:9      | Found a shimmering altar of Xom.
 10881 | D:9      | Found an ancient bone altar of Kikubaaqudgha.
 11223 | D:9      | Noticed a two-headed ogre
 11230 | D:9      | Killed a two-headed ogre
 11363 | D:9      | Noticed a necromancer
 11656 | D:9      | Killed a necromancer
 11740 | D:9      | Reached skill level 1 in Invocations
 11788 | D:9      | Reached ****** piety under Cheibriados
 11803 | D:9      | Noticed a cyclops
 11825 | D:9      | Killed a cyclops
 11889 | D:10     | Entered Level 10 of the Dungeon
 11889 | D:10     | Found a staircase to the Orcish Mines.
 11889 | D:10     | Noticed Gastronok
 12008 | D:10     | Noticed a two-headed ogre
 12031 | D:10     | Reached XP level 11. HP: 63/63 MP: 8/17
 12075 | D:10     | HP: 2/75 [Gastronok/the air (39)]
 12494 | D:10     | Killed Gastronok
 12553 | D:10     | Learned a level 3 spell: Ozocubu's Armour
 12569 | D:10     | Reached skill level 1 in Charms
 12662 | D:10     | Found Xauf's Weapon Emporium.
 12818 | D:10     | Killed a two-headed ogre
 12823 | D:10     | Noticed a two-headed ogre
 12863 | D:10     | Noticed Urug
 12866 | D:10     | Noticed a two-headed ogre
 12871 | D:10     | Slain by a two-headed ogre

Vault maps used:
D:1:      moated_graveyard_arrival
D:2:      evilmike_ruin_ashenzari, nicolae_overflow_crystal_walls, first_bread,
          kennysheep_decorative_pillar
D:3:      lemuel_round_altar, nicolae_overflow_hidden_temple
D:4:      old_standard_altar, minmay_temple_entry_mist, due_unseen_surprise
D:5:      serial_shops, shop_statue, shop
D:6:      nicolae_ru_awakened_eye, nicolae_dithmenos_through_a_glass_darkly,
          zin_purify, basic_altar, nemelex_altar_shiori
D:7:      yredelemnul_altar_generic, serial_shops, kennysheep_mini
D:8:      overflow_temple_1_default, david_lair_generic, uniq_psyche
D:9:      lemuel_round_altar, xom_teletrap_fun, grunt_livestock,
          eino_house_with_fridge
D:10:     minmay_orc_entry_temple_small, serial_shops, shop,
          nicolae_shop_behind_doors, shop, uniq_urug, uniq_gastronok
Temple:   compressed_dpeg_circular_temple

Skill      XL: |  1  2  3  4  5  6  7  8  9 10 11 |
---------------+----------------------------------+-----
Stealth        | 1 9 |  9.4
Transmutations | 3 4 6 9 10 | 10.3
Poison Magic   | 1 2 |  2.2
Ice Magic      | 4 6 |  6.1
Spellcasting   | 4 |  4.0
Summonings     | 4 5 |  5.7
Invocations    | 4 6 |  6.9
Charms         | 2 |  2.7
Fighting       | |  1.0
Short Blades   | |  0.8
Slings         | |  0.4
Dodging        | |  2.1
Unarmed Combat | |  3.8

Action                   |  1- 3 |  4- 6 |  7- 9 | 10-12 || total
-------------------------+-------+-------+-------+-------++-------
Melee: Unarmed           |    41 |   105 |   311 |   165 ||   622
       Constrict         |    12 |    24 |    13 |     1 ||    50
       Kick              |     7 |     7 |     5 |       ||    19
       Tentacles         |     5 |    19 |     8 |     1 ||    33
       Dagger            |       |    69 |    39 |     1 ||   109
       Punch             |       |     1 |     2 |       ||     3
 Fire: Hunting sling     |     8 |     8 |       |     2 ||    18
Throw: Stone             |     1 |       |     5 |       ||     6
       Tomahawk          |       |       |     2 |     2 ||     4
 Cast: Beastly Appendage |    17 |    16 |     3 |       ||    36
       Sticks to Snakes  |     1 |     4 |    15 |    16 ||    36
       Spider Form       |       |    15 |    14 |       ||    29
       Ice Form          |       |       |    34 |    27 ||    61
       Summon Ice Beast  |       |       |     2 |    24 ||    26
       Ozocubu's Armour  |       |       |       |     2 ||     2
  Use: Scroll            |       |     6 |     6 |     8 ||    20
 Stab: Sleeping          |     2 |     7 |     3 |     1 ||    13
       Distracted        |       |     1 |     3 |     4 ||     8
  Eat: Chunk             |     1 |    12 |    13 |     3 ||    29
       Fruit             |       |       |     5 |     9 ||    14
       Royal jelly       |       |       |       |     4 ||     4
       Meat ration       |       |       |       |     1 ||     1
Armor: Skin              |     3 |    24 |    72 |    52 ||   151
Dodge: Dodged            |    21 |   100 |   189 |    92 ||   402
